Map: Beckett Industries LE

Players

Epic

  • Race: Terran Terran

Vindicta - Winner!

  • Race: Terran Terran

Event: DreamHack SC2 Masters 2021 Fall

VOD

Have the link to the VOD?

Description

Time

  • Played on: Aug. 5, 2021, 4:04 p.m.
  • Length: 13:15

All games in this series

Show
View Real Time Build Order
Export as new Build Order

Epic Terran 

Build Orders: Cyclone Opening 

Get SALT Encoding   

  12  0:00  SCV  
  13  0:12  SCV  
  14  0:17  Supply Depot  
  14  0:24  SCV  
  15  0:38  SCV  
  15  0:39  Barracks  
  16  0:43  Refinery  
  16  0:50  SCV  
  16  0:53  Refinery  
  17  1:02  SCV  
  18  1:15  SCV  
  19  1:25  Reaper  
  19  1:27  Supply Depot, Orbital Command  
  20  1:40  Factory  
  20  1:52  SCV  
  21  1:58  Reaper  
  22  2:04  SCV  
  23  2:15  Command Center  
  23  2:18  SCV  
  24  2:24  Factory Tech Lab  
  24  2:30  Barracks Reactor, SCV  
  24  2:32  Supply Depot  
  25  2:43  SCV  
  26  2:45  Cyclone  
  29  2:55  SCV  
  30  3:04  Starport  
  30  3:05  Marine x2  
  30  3:08  SCV  
  32  3:21  SCV  
  32  3:23  Marine x2  
  32  3:26  Cyclone  
  37  3:33  SCV  
  38  3:38  Refinery  
  38  3:40  Starport Tech Lab  
  37  3:41  Marine x2  
  37  3:48  SCV, Orbital Command  
  40  4:00  SCV  
  40  4:01  Marine x2  
  43  4:05  Raven  
  45  4:15  SCV x2  
  47  4:21  Command Center  
  47  4:28  Siege Tank  
  47  4:31  SCV  
  52  4:40  Supply Depot  
  51  4:46  SCV  
  51  4:49  Raven  
  54  4:56  Refinery  
  54  5:02  Marine x2, Supply Depot, SCV x2  
  54  5:04  Siege Tank  
  61  5:14  SCV  
  62  5:23  SCV  
  62  5:26  SCV  
  64  5:35  SCV, Orbital Command  
  64  5:37  Siege Tank  
  64  5:42  Marine  
  70  5:44  Stimpack  
  70  5:47  SCV  
  70  5:48  SCV  
  70  5:49  Viking x2  
  75  5:58  Orbital Command  
  75  5:59  SCV  
  75  6:00  SCV  
  75  6:03  Marine  
  78  6:09  Barracks, Siege Tank  
  78  6:10  Barracks  
  78  6:11  SCV  
  82  6:12  SCV  
  82  6:13  Supply Depot x2  
  83  6:19  Viking  
  85  6:34  Marine, Viking, SCV x3  
  91  6:43  Siege Tank  
  91  6:46  SCV x3  
  97  6:48  Supply Depot  
  97  6:49  Supply Depot  
  97  6:51  Viking  
  99  6:55  Engineering Bay x2  
  99  6:58  SCV x3  
  99  6:59  Barracks Reactor x2  
  102  7:02  Supply Depot  
  102  7:07  Marine  
  103  7:09  Viking  
  103  7:11  SCV  
  103  7:13  SCV x2  
  108  7:17  Siege Tank  
  108  7:21  Viking  
  113  7:24  Terran Infantry Armor Level 1, Terran Infantry Weapons Level 1  
  113  7:27  Supply Depot, SCV x2  
  113  7:28  SCV  
  116  7:37  Barracks  
  116  7:38  Barracks  
  116  7:39  SCV x2  
  116  7:40  SCV  
  116  7:42  Marine x4  
  116  7:43  Marine  
  117  7:57  Medivac x2, Siege Tank  
  117  7:59  SCV x3  
  106  8:05  Marine x3  
  106  8:06  Marine, Marauder  
  106  8:12  SCV x3  
  109  8:22  Supply Depot  
  109  8:23  Refinery x2  
  109  8:24  SCV  
  109  8:25  Marine x4, SCV x2, Barracks Tech Lab x2  
  109  8:26  Combat Shield  
  116  8:30  Command Center  
  120  8:36  Viking x2  
  120  8:38  Siege Tank  
  123  8:42  Supply Depot x2  
  123  8:43  Marauder  
  123  8:44  Marauder  
  123  8:45  Concussive Shells, Marauder  
  127  8:53  SCV x2  
  127  8:54  SCV  
  129  8:59  Marine  
  129  9:00  Marine x3  
  133  9:12  Medivac x2, Siege Tank  
  139  9:17  Command Center  
  139  9:20  Marauder x3  
  139  9:23  Marine x3  
  139  9:24  Marine  
  149  9:32  Armory  
  149  9:39  Engineering Bay  
  149  9:43  Marine x2  
  149  9:44  Marine x2, Marauder x3  
  157  9:55  SCV x3  
  154  10:10  Marine x2  
  154  10:11  Marine x2, Marauder x3  
  145  10:14  Planetary Fortress  
  145  10:16  SCV x3  
  145  10:17  Missile Turret  
  144  10:22  Viking x2  
  144  10:28  Starport x2  
  148  10:29  SCV  
  148  10:30  SCV x2  
  151  10:41  SCV  
  151  10:42  SCV x2  
  154  10:45  Marine x2, Marauder  
  154  10:46  Marine x2, Marauder x2  
  164  10:53  Siege Tank  
  167  10:58  SCV x3  
  167  10:59  SCV  
  167  11:01  Refinery x2  
  171  11:05  Starport Reactor x2  
  171  11:07  Viking x2  
  175  11:15  Missile Turret  
  147  11:39  Viking x2  
  143  11:40  SCV x4  
  144  11:52  SCV  
  113  12:03  SCV x3, Planetary Fortress  
  91  12:14  SCV  
  91  12:15  SCV  
  74  12:23  Viking x2  
  74  12:24  Viking x4  
  74  12:26  SCV x2  
  74  12:27  SCV x2  
  74  12:28  Fusion Core  
  90  12:32  Marine x3, Marauder x2  
  90  12:33  Marine, Marauder  
  100  12:38  Siege Tank  
  100  12:41  SCV x3, Factory  
  103  12:47  SCV  
  103  12:52  SCV  
  103  12:53  SCV  
  103  12:54  Marine x2  
Show
View Real Time Build Order
Export as new Build Order

Vindicta Terran - Winner!

Build Orders: Mech 

Get SALT Encoding   

  12  0:00  SCV  
  13  0:12  SCV  
  14  0:17  Supply Depot  
  14  0:24  SCV  
  14  0:27  Refinery  
  15  0:38  SCV  
  16  0:45  Barracks  
  16  0:50  SCV  
  16  0:56  Refinery  
  17  1:02  SCV  
  18  1:15  SCV  
  19  1:32  Orbital Command  
  19  1:33  Reaper  
  19  1:39  Factory  
  20  1:54  Supply Depot  
  20  1:58  SCV  
  21  2:05  Reaper  
  22  2:10  SCV  
  24  2:22  SCV  
  24  2:25  Hellion  
  26  2:34  SCV  
  27  2:37  Reaper  
  27  2:43  Command Center  
  28  2:47  Hellion  
  29  2:52  SCV  
  30  2:58  Supply Depot  
  30  3:04  SCV  
  31  3:09  Factory Tech Lab  
  31  3:10  Starport  
  31  3:19  Barracks Reactor  
  31  3:20  SCV  
  31  3:27  Refinery  
  31  3:28  Cyclone  
  31  3:32  SCV  
  35  3:44  SCV  
  35  3:47  Starport Tech Lab  
  36  3:55  Orbital Command  
  36  3:56  SCV  
  36  3:57  Marine x2  
  39  4:03  Siege Tank  
  39  4:08  Raven, SCV  
  45  4:15  Marine x2  
  47  4:20  SCV  
  47  4:21  SCV  
  44  4:32  Marine  
  44  4:33  Marine, SCV  
  44  4:34  Refinery  
  44  4:35  Siege Tank  
  50  4:40  Supply Depot  
  50  4:42  SCV  
  50  4:45  SCV  
  51  4:50  Marine x2  
  53  4:54  SCV  
  54  5:01  Raven  
  54  5:02  SCV  
  54  5:07  SCV  
  58  5:14  Siege Tank  
  58  5:16  SCV  
  62  5:22  Command Center  
  62  5:23  Marine  
  62  5:32  Supply Depot, SCV x2  
  62  5:33  Supply Depot  
  65  5:44  SCV  
  65  5:47  Siege Tank  
  65  5:49  SCV  
  68  5:56  SCV  
  68  5:58  Viking x2  
  68  6:01  SCV  
  73  6:08  SCV  
  73  6:11  Factory  
  72  6:12  Factory  
  72  6:14  Barracks Reactor, SCV  
  73  6:19  Siege Tank  
  77  6:26  SCV  
  77  6:29  Engineering Bay  
  77  6:30  Viking  
  77  6:32  Viking  
  79  6:35  Orbital Command  
  79  6:38  SCV  
  81  6:43  SCV, Engineering Bay  
  81  6:50  SCV  
  81  6:52  Siege Tank  
  85  6:57  Supply Depot, Siege Tank, Sensor Tower  
  85  6:59  SCV  
  90  7:06  Hellion x2  
  90  7:07  SCV  
  95  7:10  Viking  
  95  7:12  Viking  
  95  7:15  SCV  
  98  7:16  SCV  
  98  7:22  SCV  
  100  7:24  Siege Tank  
  100  7:25  Refinery x2  
  100  7:27  Supply Depot  
  100  7:28  SCV  
  104  7:32  Siege Tank  
  104  7:33  SCV  
  104  7:34  SCV  
  109  7:39  Supply Depot  
  109  7:48  SCV x3  
  109  7:49  Hellion x2  
  110  7:56  Siege Tank  
  99  8:00  SCV  
  99  8:04  SCV, Siege Tank  
  99  8:05  SCV  
  90  8:12  SCV  
  87  8:14  Hellion x2  
  87  8:15  Viking  
  87  8:16  SCV  
  87  8:17  SCV  
  95  8:24  SCV  
  96  8:28  SCV, Siege Tank  
  96  8:31  Factory  
  96  8:32  SCV  
  96  8:33  Factory  
  101  8:36  SCV, Armory  
  101  8:37  Liberator  
  101  8:39  Hellion  
  101  8:40  SCV  
  108  8:44  SCV  
  108  8:46  Infernal Pre-Igniter  
  109  8:48  SCV  
  109  8:50  Hellion  
  109  8:52  SCV  
  112  8:56  SCV  
  112  9:00  SCV, Siege Tank  
  112  9:02  Viking  
  119  9:04  SCV  
  119  9:08  Hellion  
  119  9:09  Command Center  
  122  9:14  Siege Tank  
  122  9:18  Factory Reactor, Factory Tech Lab, Missile Turret x2  
  122  9:19  Missile Turret  
  122  9:20  Viking  
  122  9:27  Terran Vehicle Weapons Level 1  
  122  9:30  Supply Depot  
  120  9:32  Viking, Supply Depot, SCV  
  120  9:33  Hellion  
  125  9:46  Supply Depot  
  125  9:51  SCV x2, Liberator  
  125  9:52  Siege Tank, Hellion  
  133  9:54  Supply Depot, Hellion  
  133  9:56  Siege Tank  
  136  10:01  Liberator  
  136  10:06  Hellion x2  
  132  10:09  SCV  
  132  10:11  Hellion  
  132  10:13  Hellion  
  132  10:14  SCV x2  
  131  10:15  Hellion  
  130  10:21  SCV  
  130  10:24  Missile Turret  
  130  10:25  Hellion  
  130  10:26  Sensor Tower, Missile Turret  
  130  10:27  Hellion x2, Missile Turret  
  137  10:28  Siege Tank  
  137  10:30  SCV x2  
  145  10:40  Refinery, SCV  
  145  10:41  Siege Tank  
  145  10:42  Refinery  
  149  10:45  SCV, Hellion  
  155  10:55  Planetary Fortress  
  155  10:58  Thor, Viking x2  
  155  10:59  SCV x2  
  161  11:05  Missile Turret  
  167  11:15  Thor  
  167  11:23  Armory, Hellion  
  167  11:25  Hellion x2  
  167  11:26  Hellion x2  
  161  11:41  Hellion  
  161  11:45  Hellion  
  161  11:46  Widow Mine, Command Center  
  161  11:47  Thor, Widow Mine  
  164  11:50  Hellion  
  172  11:58  Thor  
  162  12:02  Siege Tank  
  162  12:06  Hellion  
  154  12:15  Hellion x2  
  152  12:23  Hellion  
  152  12:27  Viking, Hellion  
  158  12:33  Supply Depot  
  158  12:34  Supply Depot  
  164  12:43  Hellion  
  172  12:49  Supply Depot  
  172  12:50  Command Center  
  167  13:02  Missile Turret  
  167  13:06  Missile Turret  
  167  13:07  Command Center  

Tags
 
Add a new tag
Caveats
  • Supply blocks, unpowered buildings, or Contaminate may cause inaccurate times.
  • Supply counts are checked every 10 seconds.